| TOP OF THE 1ST |
|
Detroit (APP) Tigers batting - Pitching for Baltimore (APP) Orioles : LHP Kyle Sheridan
|
|
Pitching: LHP Kyle Sheridan
|
|
|
Batting: LHB Bill Ford
|
0-0: Called Strike 0-1: Swinging Strike 0-2: Ball 1-2: Strikes out swinging
|
|
Batting: RHB Brandon O'Malley
|
0-0: DOUBLE (Flyball, 9LD, EV 93.1 MPH)
|
|
Batting: RHB Adam MacConnell
|
0-0: Ball 1-0: Ground out U3 (Groundball, 34, EV 81.9 MPH) Brandon O'Malley to third
|
|
Batting: RHB Mike Patterson
|
0-0: Ground out 6-3 (Groundball, 6, EV 91.2 MPH)
|
| Top of the 1st over - 0 runs, 1 hit, 0 errors, 1 left on base; Detroit (APP) 0 - Baltimore (APP) 0 |
| BOTTOM OF THE 1ST |
|
Baltimore (APP) Orioles batting - Pitching for Detroit (APP) Tigers : LHP Jim Belcher
|
|
Pitching: LHP Jim Belcher
|
|
|
Batting: LHB Eric Jackson
|
0-0: DOUBLE (Line Drive, 7LM, EV 110.0 MPH)
|
|
Batting: RHB Mike Zepeda
|
0-0: Ball 1-0: Ball 2-0: Ball 3-0: Called Strike 3-1: 2-RUN HOME RUN (Flyball, 7D, EV 98.1 MPH), Distance : 382 ft
|
|
Batting: RHB Jeremy Sipe
|
0-0: Ball 1-0: Foul Ball, location: 2F 1-1: Ball 2-1: Called Strike 2-2: Ball 3-2: Foul Ball, location: 2F 3-2: Fly out, F9 (Flyball, 89D, EV 79.4 MPH)
|
|
Batting: LHB Justin Alworth
|
0-0: Swinging Strike 0-1: Foul Ball, location: 2F 0-2: Ball 1-2: Foul Ball, location: 2F 1-2: Ball 2-2: Ground out 6-3 (Groundball, 6, EV 104.4 MPH)
|
|
Batting: RHB Alex Valencia
|
0-0: Foul Ball, location: 2F 0-1: Foul Ball, location: 2F 0-2: Ball 1-2: Ball 2-2: Ball 3-2: Fly out, F5 (Flyball, 56D, EV 75.6 MPH)
|
| Bottom of the 1st over - 2 runs, 2 hits, 0 errors, 0 left on base; Detroit (APP) 0 - Baltimore (APP) 2 |
| TOP OF THE 2ND |
|
Detroit (APP) Tigers batting - Pitching for Baltimore (APP) Orioles : LHP Kyle Sheridan
|
|
Batting: RHB Jon Goldstein
|
0-0: Called Strike 0-1: Called Strike 0-2: SOLO HOME RUN (Line Drive, 7LD, EV 100.6 MPH), Distance : 375 ft
|
|
Batting: RHB Jamie Villagrana
|
0-0: Called Strike 0-1: Foul Ball, location: 2F 0-2: Strikes out swinging
|
|
Batting: RHB Willie Ochoa
|
0-0: Foul Ball, location: 2F 0-1: Foul Ball, location: 2F 0-2: Foul Ball, location: 2F 0-2: Ball 1-2: Ball 2-2: Ball 3-2: Fly out, F7 (Flyball, 7LM, EV 77.5 MPH)
|
|
Batting: RHB Brandon Everett
|
0-0: Ground out 6-3 (Groundball, 6, EV 82.5 MPH)
|
| Top of the 2nd over - 1 run, 1 hit, 0 errors, 0 left on base; Detroit (APP) 1 - Baltimore (APP) 2 |
| BOTTOM OF THE 2ND |
|
Baltimore (APP) Orioles batting - Pitching for Detroit (APP) Tigers : LHP Jim Belcher
|
|
Batting: LHB Bill Ostlund
|
0-0: Called Strike 0-1: Ground out 6-3 (Groundball, 4M, EV 102.5 MPH)
|
|
Batting: RHB Fernando Bravo
|
0-0: Called Strike 0-1: Called Strike 0-2: Foul Ball, location: 2F 0-2: Foul Ball, location: 2F 0-2: Ball 1-2: Foul Ball, location: 2F 1-2: Foul Ball, location: 2F 1-2: Ball 2-2: Foul Ball, location: 2F 2-2: Ball 3-2: Fly out, F9 (Flyball, 9S, EV 80.0 MPH)
|
|
Batting: RHB Ryan Vest
|
0-0: Ball 1-0: Foul Ball, location: 2F 1-1: Ball 2-1: Foul Ball, location: 2F 2-2: Ground out 1-3 (Groundball, 34S, EV 70.0 MPH)
|
| Bottom of the 2nd over - 0 runs, 0 hits, 0 errors, 0 left on base; Detroit (APP) 1 - Baltimore (APP) 2 |
| TOP OF THE 3RD |
|
Detroit (APP) Tigers batting - Pitching for Baltimore (APP) Orioles : LHP Kyle Sheridan
|
|
Batting: RHB Cory Wilkins
|
0-0: Swinging Strike 0-1: Ball 1-1: Ball 2-1: Ball 3-1: Base on Balls
|
|
Batting: LHB Bill Ford
|
0-0: Called Strike 0-1: Fielders Choice at 2nd, 4-6 (Groundball, 4M, EV 103.8 MPH)
|
|
Batting: RHB Brandon O'Malley
|
0-0: Ball Wild Pitch! Bill Ford to second 1-0: Foul Ball, location: 2F 1-1: Ball 2-1: Fly out, F8 (Flyball, 8LD, EV 97.5 MPH)
|
|
Batting: RHB Adam MacConnell
|
0-0: Ball 1-0: Ball 2-0: Ball 3-0: Base on Balls
|
|
Batting: RHB Mike Patterson
|
0-0: Called Strike 0-1: Ball 1-1: Foul Ball, location: 2F 1-2: Ball 2-2: Ball 3-2: DOUBLE (Flyball, 78D, EV 92.5 MPH) Bill Ford scores Adam MacConnell to third Adam MacConnell scores
|
|
Batting: RHB Jon Goldstein
|
0-0: Ball 1-0: Fly out, F9 (Flyball, 9S, EV 90.6 MPH)
|
| Top of the 3rd over - 2 runs, 1 hit, 0 errors, 1 left on base; Detroit (APP) 3 - Baltimore (APP) 2 |
| BOTTOM OF THE 3RD |
|
Baltimore (APP) Orioles batting - Pitching for Detroit (APP) Tigers : LHP Jim Belcher
|
|
Batting: RHB Ioan Biros
|
0-0: Ball 1-0: Ball 2-0: Foul Ball, location: 2F 2-1: Foul Ball, location: 2F 2-2: Fly out, F9 (Flyball, 9LM, EV 80.6 MPH)
|
|
Batting: LHB Eric Jackson
|
0-0: Swinging Strike 0-1: Ground out 5-3 (Groundball, 25, EV 69.4 MPH)
|
|
Batting: RHB Mike Zepeda
|
0-0: Foul Ball, location: 2F 0-1: Ball 1-1: Ball 2-1: Foul Ball, location: 2F 2-2: Ball 3-2: Fly out, F7 (Line Drive, 7, EV 91.9 MPH)
|
| Bottom of the 3rd over - 0 runs, 0 hits, 0 errors, 0 left on base; Detroit (APP) 3 - Baltimore (APP) 2 |
| TOP OF THE 4TH |
|
Detroit (APP) Tigers batting - Pitching for Baltimore (APP) Orioles : LHP Kyle Sheridan
|
|
Batting: RHB Jamie Villagrana
|
0-0: Ball 1-0: Ball 2-0: Ball 3-0: Base on Balls
|
|
Batting: RHB Willie Ochoa
|
0-0: Ball 1-0: Foul Ball, location: 2F 1-1: Ball 2-1: Ball 3-1: Grounds into double play, 3-6-1 (Groundball, 3, EV 100.6 MPH)
|
|
Batting: RHB Brandon Everett
|
0-0: SINGLE (Groundball, P, EV 84.4 MPH) (infield hit)
|
|
Batting: RHB Cory Wilkins
|
0-0: Called Strike 0-1: Ball 1-1: Ball 2-1: Fielders Choice at 2nd, 6-4 (Groundball, 6, EV 101.2 MPH)
|
| Top of the 4th over - 0 runs, 1 hit, 0 errors, 1 left on base; Detroit (APP) 3 - Baltimore (APP) 2 |
| BOTTOM OF THE 4TH |
|
Baltimore (APP) Orioles batting - Pitching for Detroit (APP) Tigers : LHP Jim Belcher
|
|
Batting: RHB Jeremy Sipe
|
0-0: Ball 1-0: Ball 2-0: Foul Ball, location: 2F 2-1: TRIPLE (Flyball, 9LD, EV 111.2 MPH)
|
|
Batting: LHB Justin Alworth
|
0-0: Called Strike 0-1: Ball 1-1: Called Strike 1-2: Fly out, F9 (Flyball, 89M, EV 91.2 MPH) Runner from 3rd tags up, SCORES, throw by RF
|
|
Batting: RHB Alex Valencia
|
0-0: Ball 1-0: Swinging Strike 1-1: Foul Ball, location: 2F 1-2: Ball 2-2: Foul Ball, location: 2F 2-2: Ground out 4-3 (Groundball, 4, EV 76.2 MPH)
|
|
Batting: LHB Bill Ostlund
|
0-0: Ball 1-0: Called Strike 1-1: Reached on error, E4 (Groundball, 4, EV 80.0 MPH)
|
|
Batting: RHB Fernando Bravo
|
Pickoff Throw to First - Error! E1 Bill Ostlund to second 0-0: Called Strike 0-1: Swinging Strike 0-2: Ground out 6-3 (Groundball, 6, EV 80.0 MPH)
|
| Bottom of the 4th over - 1 run, 1 hit, 2 errors, 1 left on base; Detroit (APP) 3 - Baltimore (APP) 3 |
| TOP OF THE 5TH |
|
Detroit (APP) Tigers batting - Pitching for Baltimore (APP) Orioles : LHP Kyle Sheridan
|
|
Batting: LHB Bill Ford
|
0-0: Ball 1-0: Ball 2-0: Ball 3-0: Base on Balls
|
|
Batting: RHB Brandon O'Malley
|
0-0: Swinging Strike Passed Ball! Bill Ford to second 0-1: Called Strike 0-2: DOUBLE (Flyball, 9LM, EV 99.4 MPH) Bill Ford scores
|
|
Batting: RHB Adam MacConnell
|
0-0: Called Strike 0-1: Ball 1-1: Ball 2-1: SINGLE (Groundball, 4, EV 98.1 MPH) Brandon O'Malley to third Runner from 3rd tries for Home, throw by CF and OUT! 8-2
|
|
Batting: RHB Mike Patterson
|
0-0: Ball 1-0: Ball 2-0: Called Strike 2-1: Ball 3-1: Fly out, F9 (Flyball, 9S, EV 84.4 MPH)
|
|
Batting: RHB Jon Goldstein
|
0-0: Fly out, F7 (Flyball, 7S, EV 87.5 MPH)
|
| Top of the 5th over - 1 run, 2 hits, 0 errors, 1 left on base; Detroit (APP) 4 - Baltimore (APP) 3 |
| BOTTOM OF THE 5TH |
|
Baltimore (APP) Orioles batting - Pitching for Detroit (APP) Tigers : LHP Jim Belcher
|
|
Batting: RHB Ryan Vest
|
0-0: Ball 1-0: Foul Ball, location: 2F 1-1: Ball 2-1: Foul Ball, location: 2F 2-2: Ball 3-2: Base on Balls
|
|
Batting: RHB Ioan Biros
|
0-0: Swinging Strike 0-1: Foul Ball, location: 2F 0-2: Strikes out swinging
|
|
Batting: LHB Eric Jackson
|
0-0: Fielders Choice at 2nd, 3-6 (Groundball, 3S, EV 86.9 MPH)
|
|
Batting: RHB Mike Zepeda
|
0-0: Ball 1-0: Ball 2-0: Ball Wild Pitch! Eric Jackson to second 3-0: Base on Balls
|
|
Batting: RHB Jeremy Sipe
|
0-0: Swinging Strike 0-1: TRIPLE (Line Drive, 78XD, EV 107.5 MPH) Eric Jackson scores Mike Zepeda scores
|
|
Batting: LHB Justin Alworth
|
0-0: Ball 1-0: Swinging Strike 1-1: Foul Ball, location: 2F 1-2: Ball 2-2: Ball 3-2: Ground out 5-3 (Groundball, 56, EV 96.2 MPH)
|
| Bottom of the 5th over - 2 runs, 1 hit, 0 errors, 1 left on base; Detroit (APP) 4 - Baltimore (APP) 5 |
| TOP OF THE 6TH |
|
Detroit (APP) Tigers batting - Pitching for Baltimore (APP) Orioles : LHP Kyle Sheridan
|
|
Batting: RHB Jamie Villagrana
|
0-0: Called Strike 0-1: Ball 1-1: Swinging Strike 1-2: Ball 2-2: Ball 3-2: Base on Balls
|
|
Batting: RHB Willie Ochoa
|
0-0: Ball 1-0: Ball 2-0: Ball 3-0: Called Strike 3-1: Ground out 3-1 (Groundball, 34S, EV 91.9 MPH) Jamie Villagrana to second
|
|
Batting: RHB Brandon Everett
|
0-0: Foul Ball, location: 2F 0-1: Swinging Strike 0-2: Strikes out looking
|
|
Batting: RHB Cory Wilkins
|
0-0: Ball Wild Pitch! Jamie Villagrana to third 1-0: Swinging Strike 1-1: Swinging Strike 1-2: Strikes out swinging
|
| Top of the 6th over - 0 runs, 0 hits, 0 errors, 1 left on base; Detroit (APP) 4 - Baltimore (APP) 5 |
| BOTTOM OF THE 6TH |
|
Baltimore (APP) Orioles batting - Pitching for Detroit (APP) Tigers : LHP Jim Belcher
|
|
Pitching: RHP Bert Hernandez
|
|
|
Batting: RHB Alex Valencia
|
0-0: Called Strike 0-1: Called Strike 0-2: Ball 1-2: Ball 2-2: Ball 3-2: Foul Ball, location: 2F 3-2: Base on Balls
|
|
Batting: LHB Bill Ostlund
|
0-0: Called Strike 0-1: Ball 1-1: Ball 2-1: Called Strike 2-2: Ball 3-2: SINGLE (Groundball, 3, EV 86.2 MPH) (infield hit) Alex Valencia to second
|
|
Batting: RHB Fernando Bravo
|
0-0: SINGLE (Line Drive, 4D, EV 98.8 MPH) Alex Valencia to third Bill Ostlund to second
|
|
Batting: RHB Ryan Vest
|
0-0: Fly out, F6 (Popup, 6MD, EV 55.6 MPH)
|
|
Batting: RHB Ioan Biros
|
0-0: Ball 1-0: Fly out, F9 (Flyball, 9LM, EV 83.8 MPH) Runner from 3rd tags up, SCORES, throw by RF Bill Ostlund to third
|
|
Batting: LHB Eric Jackson
|
0-0: Ball 1-0: Ball 2-0: Ball 3-0: Called Strike 3-1: Base on Balls Fernando Bravo to second
|
|
Batting: RHB Mike Zepeda
|
0-0: Ball 1-0: Swinging Strike 1-1: Called Strike 1-2: Foul Ball, location: 2F 1-2: Ball 2-2: Foul Ball, location: 2F 2-2: Ball Wild Pitch! Bill Ostlund scores Fernando Bravo to third Eric Jackson to second 3-2: Foul Ball, location: 2F 3-2: Foul Ball, location: 2F 3-2: Foul Ball, location: 2F 3-2: Ground out 6-3 (Groundball, 6, EV 104.4 MPH)
|
| Bottom of the 6th over - 2 runs, 2 hits, 0 errors, 2 left on base; Detroit (APP) 4 - Baltimore (APP) 7 |
| TOP OF THE 7TH |
|
Detroit (APP) Tigers batting - Pitching for Baltimore (APP) Orioles : LHP Kyle Sheridan
|
|
Batting: LHB Bill Ford
|
0-0: Called Strike 0-1: Ground out 4-3 (Groundball, 4, EV 78.1 MPH)
|
|
Batting: RHB Brandon O'Malley
|
0-0: Called Strike 0-1: Ball 1-1: Ball 2-1: Ball 3-1: Base on Balls
|
|
Pitching: RHP Frank Caillouet
|
|
|
Batting: RHB Adam MacConnell
|
0-0: Called Strike Brandon O'Malley steals 2nd base 0-1: Ball 1-1: Ground out 6-3 (Groundball, 6, EV 81.2 MPH) Brandon O'Malley to third
|
|
Batting: RHB Mike Patterson
|
0-0: Ball 1-0: Called Strike 1-1: Called Strike 1-2: Strikes out looking
|
| Top of the 7th over - 0 runs, 0 hits, 0 errors, 1 left on base; Detroit (APP) 4 - Baltimore (APP) 7 |
| BOTTOM OF THE 7TH |
|
Baltimore (APP) Orioles batting - Pitching for Detroit (APP) Tigers : RHP Bert Hernandez
|
|
Pitching: LHP Josh Sinclair
|
|
|
Batting: RHB Jeremy Sipe
|
0-0: Ball 1-0: Called Strike 1-1: Ground out 6-3 (Groundball, 6, EV 87.5 MPH)
|
|
Batting: LHB Justin Alworth
|
0-0: Ball 1-0: Ball 2-0: Ball 3-0: Called Strike 3-1: Foul Ball, location: 2F 3-2: Strikes out swinging
|
|
Batting: RHB Alex Valencia
|
0-0: Called Strike 0-1: Ball 1-1: Swinging Strike 1-2: Ball 2-2: Foul Ball, location: 2F 2-2: Ball 3-2: Foul Ball, location: 2F 3-2: Foul Ball, location: 2F 3-2: Foul Ball, location: 2F 3-2: Ground out 3-1 (Groundball, 34, EV 77.5 MPH)
|
| Bottom of the 7th over - 0 runs, 0 hits, 0 errors, 0 left on base; Detroit (APP) 4 - Baltimore (APP) 7 |
| TOP OF THE 8TH |
|
Detroit (APP) Tigers batting - Pitching for Baltimore (APP) Orioles : RHP Frank Caillouet
|
|
Batting: RHB Jon Goldstein
|
0-0: Ball 1-0: Called Strike 1-1: Ball 2-1: Foul Ball, location: 2F 2-2: Fly out, F7 (Flyball, 7, EV 79.4 MPH)
|
|
Batting: RHB Jamie Villagrana
|
0-0: Called Strike 0-1: Ball 1-1: Ball 2-1: SINGLE (Groundball, 6MD, EV 98.1 MPH)
|
|
Batting: RHB Willie Ochoa
|
0-0: Ball 1-0: Called Strike 1-1: Ball 2-1: Ball 3-1: Base on Balls Jamie Villagrana to second
|
|
Batting: RHB Brandon Everett
|
0-0: Called Strike 0-1: Called Strike 0-2: Fielders Choice at 2nd, 3-6 (Groundball, 34S, EV 91.2 MPH) Jamie Villagrana to third
|
|
Pinch Hitting: RHB Tony Soto
|
0-0: Called Strike 0-1: Swinging Strike 0-2: Foul Ball, location: 2F 0-2: Foul Ball, location: 2F 0-2: Strikes out swinging
|
| Top of the 8th over - 0 runs, 1 hit, 0 errors, 2 left on base; Detroit (APP) 4 - Baltimore (APP) 7 |
| BOTTOM OF THE 8TH |
|
Baltimore (APP) Orioles batting - Pitching for Detroit (APP) Tigers : LHP Josh Sinclair
|
|
Pitching: RHP Tony Kepp
|
|
|
Now in LF: Jose Evangelista
|
|
|
Batting: LHB Bill Ostlund
|
0-0: Ball 1-0: Called Strike 1-1: Foul Ball, location: 2F 1-2: Foul Ball, location: 2F 1-2: DOUBLE (Line Drive, 78D, EV 100.0 MPH)
|
|
Batting: RHB Fernando Bravo
|
0-0: Ball 1-0: Called Strike 1-1: Ball 2-1: SINGLE (Groundball, 4MD, EV 101.9 MPH) Bill Ostlund to third
|
|
Batting: RHB Ryan Vest
|
0-0: Called Strike 0-1: Called Strike Fernando Bravo steals 2nd, throwing error, E2 Bill Ostlund scores Fernando Bravo to third 0-2: Ball 1-2: Foul Ball, location: 2F 1-2: Ball 2-2: Strikes out swinging
|
|
Batting: RHB Ioan Biros
|
0-0: Ball 1-0: Called Strike 1-1: Foul Ball, location: 2F 1-2: Ball 2-2: Ball 3-2: Foul Ball, location: 2F 3-2: Ground out 6-3 (Groundball, 6S, EV 88.8 MPH) Fernando Bravo scores
|
|
Batting: LHB Eric Jackson
|
0-0: Called Strike 0-1: Swinging Strike 0-2: Ball 1-2: Ball 2-2: Ball 3-2: Ground out 1-3 (Groundball, 13S, EV 70.0 MPH)
|
| Bottom of the 8th over - 2 runs, 2 hits, 1 error, 0 left on base; Detroit (APP) 4 - Baltimore (APP) 9 |
| TOP OF THE 9TH |
|
Detroit (APP) Tigers batting - Pitching for Baltimore (APP) Orioles : RHP Frank Caillouet
|
|
Batting: LHB Bill Ford
|
0-0: Ball 1-0: Called Strike 1-1: Swinging Strike 1-2: Ball 2-2: Ball 3-2: Ground out 4-3 (Groundball, 4MS, EV 86.9 MPH)
|
|
Batting: RHB Brandon O'Malley
|
0-0: Ball 1-0: Foul Ball, location: 2F 1-1: Ball 2-1: Foul Ball, location: 2F 2-2: Foul Ball, location: 2F 2-2: Foul Ball, location: 2F 2-2: Strikes out swinging
|
|
Pitching: RHP Angel Gonzales
|
|
|
Batting: RHB Adam MacConnell
|
0-0: Ground out 6-3 (Groundball, 6D, EV 85.0 MPH)
|
| Top of the 9th over - 0 runs, 0 hits, 0 errors, 0 left on base; Detroit (APP) 4 - Baltimore (APP) 9 |
|